 Dungeon Crawl Stone Soup version 0.30-a0-304-gdc4b735fe1 (webtiles) character file.

Game seed: 16201944577464383498

5574 ryw the Prestidigitator (level 10, -1/68 HPs)
             Began as a Demonspawn Monk on Oct 20, 2022.
             Was a Believer of Hepliaklqana.
             Slain by a large abomination (2 damage)
             ... on level 1 of the Abyss on Oct 21, 2022.
             The game lasted 00:24:11 (11431 turns).

ryw the Prestidigitator (Demonspawn Monk)          Turns: 11431, Time: 00:24:12

Health: -1/68      AC: 19    Str: 11      XL:     10   Next: 44%
Magic:  0/16       EV:  5    Int: 16      God:    Hepliaklqana [**....]
Gold:   503        SH:  0    Dex: 15 (16) Spells: 18/19 levels left

rFire   + + +      SeeInvis .    a - +3 Elemental Staff {rElec rF++ rC++ AC+5}
rCold   + + .      Faith    .    (no shield)
rNeg    . . .      Spirit   +    d - +1 chain mail {rF+}
rPois   .          Reflect  .    w - +0 helmet
rElec   +          Harm     .    e - +0 cloak
rCorr   +          Rampage  .    (no gloves)
Will    .....                    (no boots)
Stlth   ..........               n - amulet of guardian spirit
HPRegen 0.31/turn                c - ring of resist corrosion
MPRegen 0.30/turn                (no ring)

@: flying
A: reduced essence, molten scales 2, spiny 1, magic regeneration, weakness
stinger 2, low MP 1
a: Renounce Religion, Recall Ancestor, Ancestor Identity


You were on level 1 of the Abyss.
You worshipped Hepliaklqana.
Hepliaklqana was pleased with you.
You visited 2 branches of the dungeon, and saw 10 of its levels.
You visited the Abyss 1 time.
You also visited: Sewer.

You collected 503 gold pieces.

Inventory:

Hand Weapons
 a - the +3 Elemental Staff (weapon) {rElec rF++ rC++ AC+5}
   (You acquired it on level 4 of the Dungeon)

   If the wielder is skilled in Evocations, they can discharge powerful blasts
   of elemental energy when striking with it.
   It enhances your fire, ice, earth and air magic.
   AC:        It affects your AC (+5).
   rF:        It greatly protects you from fire.
   rC:        It greatly protects you from cold.
   rElec:     It insulates you from electricity.
 b - a +0 longbow
Missiles
 m - 6 javelins
 t - 2 throwing nets (quivered)
Armour
 d - a +1 chain mail of fire resistance (worn)
 e - a +0 cloak (worn)
 w - a +0 helmet (worn)
Jewellery
 c - a ring of resist corrosion (left hand)
 g - a +4 ring of protection
 n - an amulet of guardian spirit (around neck)
 x - a ring of protection from fire
 C - a +4 ring of evasion
Wands
 j - a wand of acid (3)
 v - a wand of roots (10)
Scrolls
 h - 3 scrolls of identify
 l - a scroll of poison
 o - 2 scrolls of magic mapping
 p - 3 scrolls of amnesia
 u - 2 scrolls of butterflies
 D - a scroll of fear
 E - a scroll of summoning {unknown}
Potions
 f - a potion of attraction
 i - a potion of curing
 q - 5 potions of heal wounds
 r - a potion of might
 s - 2 potions of haste
 z - 2 potions of brilliance {unknown}
 A - a potion of cancellation
 B - a potion of berserk rage {unknown}


   Skills:
 - Level 5.7 Fighting
 - Level 0.4 Short Blades
 + Level 7.7 Staves
 + Level 2.1 Armour
 - Level 2.6 Dodging
 - Level 1.7 Stealth
 - Level 2.6 Unarmed Combat
 - Level 5.3 Spellcasting
 + Level 5.6 Summonings
 + Level 8.4 Evocations


You had 18 spell levels left.
You knew the following spells:

 Your Spells              Type           Power      Damage    Failure   Level
a - Summon Small Mammal   Summ           88%        N/A       61%         1

Your spell library contained the following spells:

 Spells                   Type           Power      Damage    Failure   Level
 Call Canine Familiar     Summ           22%        N/A       93%         3
 Beastly Appendage        Tmut           8%         N/A       100%        1
 Cigotuvi's Dreadful Rot  Necr/Pois/Air  12%        N/A       100%        2
 Poisonous Vapours        Pois/Air       12%        N/A       100%        2
 Wereblood                Tmut           4%         N/A       100%        2
 Hailstorm                Conj/Ice       6%         3d4       100%        3
 Kindle Blastsparks       Fire/Tloc/Air  18%        2d11      100%        3
 Mephitic Cloud           Conj/Pois/Air  6%         N/A       100%        3
 Spider Form              Tmut/Pois      4%         N/A       100%        3
 Summon Guardian Golem    Hex/Summ       13%        N/A       100%        3
 Airstrike                Air            3%         2d(1-17)  100%        4
 Dispel Undead            Necr           4%         3d7       100%        4
 Fulminant Prism          Conj/Hex       2%         3d6       100%        4
 Ice Form                 Ice/Tmut       6%         N/A       100%        4
 Iskenderun's Mystic Bla  Conj/Tloc      4%         2d3       100%        4
 Summon Lightning Spire   Summ/Air       19%        N/A       100%        4
 Lee's Rapid Deconstruct  Erth           3%         3d5*      100%        5
 Lightning Bolt           Conj/Air       3%         1d14      100%        5
 Death Channel            Necr           2%         N/A       100%        6
 Simulacrum               Ice/Necr       3%         N/A       100%        6


Dungeon Overview and Level Annotations

Branches:
Dungeon (9/15)             Temple (1/1) D:5           Sewer (visited)
   Lair: D:8-11         Orc: D:9-12

Altars:
Ashenzari
Cheibriados
Dithmenos
Fedhas
Gozag
Hepliaklqana
Kikubaaqudgha
Makhleb
Nemelex Xobeh
Okawaru
Qazlal
Ru
Sif Muna
Trog
Uskayaw
Vehumet
Wu Jian
Xom
Yredelemnul

Shops:
D:5 :   D:6 =

Annotations:
D:3 1 runed translucent door
D:5 2 runed translucent doors, Tollund's ghost, weakling HuDe
D:9 Psyche


Innate Abilities, Weirdness & Mutations

Your life essence is reduced to manifest your ancestor. (-10% HP)
You are mostly covered in molten scales. (AC +3)
You are partially covered in sharp spines.
You regenerate magic rapidly.
You have a tail ending in a sharp stinger.
Your magical capacity is low. (-10% MP)


Message History

The ufetubus hits you but does no damage.
The ufetubus attacks as you move away! The ufetubus is struck by your spines.
The ufetubus hits you but does no damage. x2
A large abomination comes into view.
The ufetubus is struck by your spines.
You kill the ufetubus!
A large abomination comes into view.
The large abomination is struck by your spines.
The large abomination hits you!
A large abomination comes into view.
An iron imp comes into view.
Found a gateway leading deeper into the Abyss.
Eadburga emerges from the mists of memory!
The iron imp shouts!
You hear a shout!
You hear a chilling moan.
The large abomination is struck by your spines.
The large abomination hits you!!
* * * LOW HITPOINT WARNING * * *
You hear a shout!
The quasit attacks as you move away! The quasit bites you.
* * * LOW HITPOINT WARNING * * *
You feel clumsy.
The quasit claws you but does no damage. x2
A neqoxec comes into view.
The neqoxec shouts!
The large abomination barely misses you.
Eadburga hits the large abomination but does no damage.
The quasit bites you but does no damage.
The quasit claws you but does no damage. x2
You swap places.
A tentacled starspawn comes into view.
The large abomination completely misses you.
A wraith comes into view.
Eadburga hits the large abomination but does no damage.
The quasit bites Eadburga but does no damage.
The quasit claws Eadburga.
The quasit claws Eadburga but does no damage.
Eadburga completely misses the quasit.
The large abomination attacks as you move away!
The large abomination hits you.
You die...

### ##.. . ..>
.## . .# W.##
..#.# .
#..##.3.X.
###.##......#
.. ##@#..#
#..#.RX#
#..###5##
#.#.X.X.# ##
##....##5#
#.##.#...#.#..
# #.#..#....#
.##
#.#.....####.#
. #....####
#.. .


You could see the friendly Eadburga the hexer, a tentacled starspawn, 2 large
abominations, a neqoxec, a wraith, an iron imp and a quasit (ally target).

Vanquished Creatures
  An ugly thing (D:9)
  Sigmund (D:3)
  3 yaks (D:8)
  2 wyverns
  3 steam dragons
  Grum (D:9)
  A golden eye (Abyss:1)
  2 acid dragons
  2 water moccasins
  The ghost of Darkkill the Conjurer, an amateur VSCj (D:3)
  An ice beast (D:5)
  Pargi (Sewer)
  A sky beast (D:7)
  2 black bears (D:5)
  A wolf (D:9)
  3 phantoms
  A centaur (D:7)
  A bullfrog (D:7)
  A kobold brigand (D:8)
  A necrophage (D:6)
  A scorpion (D:4)
  6 wights
  A jelly (D:6)
  3 howler monkeys
  3 hounds (D:5)
  Natasha (thrice) (D:3)
  Terence (D:3)
  A hexer (Abyss:1)
  An iguana (D:4)
  2 orc wizards
  16 adders
  A river rat (D:3)
  A shadow imp (D:4)
  3 white imps
  3 ufetubi
  3 worms
  3 dart slugs
  11 orcs
  6 ball pythons
  4 endoplasms
  2 giant cockroaches
  8 goblins
  A hobgoblin (D:4)
  A quokka (D:2)
  8 bats
  7 frilled lizards
  17 kobolds
  10 rats
157 creatures vanquished.

Vanquished Creatures (collateral kills)
  A two-headed ogre (D:9)
  A golden eye (Abyss:1)
  A wolf (D:9)
  Blork the orc (D:6)
  An adder (D:6)
5 creatures vanquished.

Vanquished Creatures (others)
  An orange demon (Abyss:1)
  An ancient zyme (Abyss:1)
  3 golden eyes (Abyss:1)
  A crimson imp (Abyss:1)
  4 hexers (Abyss:1)
  5 fungi (D:5)
15 creatures vanquished.

Grand Total: 177 creatures vanquished

Notes
Turn   | Place    | Note
-------+----------+-------------------------------------------
     0 | D:1      | ryw the Demonspawn Monk began the quest for the Orb.
     0 | D:1      | Reached XP level 1. HP: 18/18 MP: 1/1
   320 | D:1      | Gained mutation: You are partially covered in molten
                  | scales. (AC +2) [demonic ancestry]
   320 | D:1      | Reached XP level 2. HP: 18/24 MP: 2/2
  1182 | D:2      | Found an ancient bone altar of Kikubaaqudgha.
  1253 | D:2      | Reached XP level 3. HP: 25/30 MP: 2/4
  1360 | D:2      | Reached skill level 1 in Spellcasting
  1656 | D:2      | Reached skill level 1 in Armour
  1656 | D:2      | Reached XP level 4. HP: 36/37 MP: 4/6
  1840 | D:3      | Found a runed translucent door.
  1843 | D:3      | Noticed Darkkill's ghost (amateur VSCj)
  1901 | D:3      | Noticed Terence
  1924 | D:3      | Killed Terence
  2137 | D:3      | Noticed Natasha
  2153 | D:3      | Killed Natasha
  2252 | D:3      | Learned a level 1 spell: Summon Small Mammal
  2306 | D:3      | Gained mutation: You regenerate magic rapidly. [demonic
                  | ancestry]
  2306 | D:3      | Reached XP level 5. HP: 43/43 MP: 8/8
  2652 | D:3      | Noticed Sigmund
  2666 | D:3      | Noticed Natasha
  2674 | D:3      | Killed Natasha
  2992 | D:3      | Killed Sigmund
  2993 | D:3      | Reached skill level 5 in Fighting
  2993 | D:3      | Reached XP level 6. HP: 50/51 MP: 8/10
  3026 | D:3      | Found a runed translucent door.
  3438 | D:3      | Noticed Natasha
  3469 | D:3      | Killed Natasha
  4009 | D:4      | Gained mutation: Your magical capacity is low. (-10% MP)
                  | [potion of mutation]
  4011 | D:4      | Gained mutation: You have a small tail. [demonic ancestry]
  4011 | D:4      | Reached XP level 7. HP: 16/57 MP: 11/11
  4537 | D:4      | Identified a scroll of acquirement
  4537 | D:4      | Acquired the +3 Elemental Staff {rElec rF++ rC++ AC+5}
  4537 | D:4      | Found the +3 Elemental Staff {rElec rF++ rC++ AC+5}
  4541 | D:5      | Entered Level 5 of the Dungeon
  4604 | D:5      | Noticed Tollund's ghost (weakling HuDe)
  4604 | D:5      | Found a large runed translucent door.
  4604 | D:5      | Found a large runed translucent door.
  4747 | D:5      | Reached skill level 1 in Staves
  4747 | D:5      | Reached skill level 1 in Evocations
  5049 | D:5      | Found a staircase to the Ecumenical Temple.
  5174 | D:5      | Reached skill level 2 in Evocations
  5275 | D:5      | Found Ifotz's Tremendous Tomes.
  5322 | D:5      | Reached skill level 3 in Evocations
  5696 | D:5      | Gained mutation: You are partially covered in sharp spines.
                  | [demonic ancestry]
  5696 | D:5      | Reached XP level 8. HP: 48/64 MP: 10/12
  5747 | D:5      | Found a sparkling altar of Nemelex Xobeh.
  5992 | D:5      | Reached skill level 4 in Evocations
  6227 | D:6      | Found a glowing drain.
  6238 | Sewer    | Entered a sewer
  6249 | Sewer    | Noticed Pargi
  6252 | Sewer    | Killed Pargi
  6463 | D:6      | Noticed Blork the orc
  6641 | D:6      | Found an ornate altar of the Wu Jian Council.
  6654 | D:6      | Reached skill level 5 in Evocations
  7150 | D:6      | Found a shadowy altar of Dithmenos.
  7259 | D:6      | Found Ufybau's Jewellery Boutique.
  7459 | D:7      | Reached skill level 5 in Staves
  7531 | D:7      | Reached skill level 6 in Evocations
  7596 | D:7      | Gained mutation: You have a tail ending in a sharp stinger.
                  | [demonic ancestry]
  7596 | D:7      | Reached XP level 9. HP: 62/69 MP: 13/13
  8210 | D:8      | Reached skill level 7 in Evocations
  9486 | Temple   | Entered the Ecumenical Temple
  9494 | Temple   | Became a worshipper of Hepliaklqana the Forgotten
  9494 | Temple   | Reached * piety under Hepliaklqana
  9494 | Temple   | Reached ** piety under Hepliaklqana
  9495 | Temple   | Remembered your ancestor Eadburga as a hexer
  9922 | D:3      | Killed Darkkill's ghost
 10157 | D:6      | Killed Blork the orc
 10164 | D:6      | Found a shimmering blue altar of Sif Muna.
 10222 | D:9      | Noticed Grum
 10230 | D:9      | Gained mutation: You are mostly covered in molten scales.
                  | (AC +3) [demonic ancestry]
 10230 | D:9      | Reached XP level 10. HP: 45/68 MP: 12/15
 10407 | D:9      | Killed Grum
 10592 | D:9      | Reached skill level 5 in Spellcasting
 10622 | D:9      | Noticed a two-headed ogre
 10628 | D:9      | Killed a two-headed ogre
 10629 | D:9      | Reached skill level 5 in Summonings
 10629 | D:9      | Reached skill level 8 in Evocations
 10890 | D:9      | Noticed a green ugly thing
 10898 | D:9      | Killed a green ugly thing
 10942 | D:9      | Noticed Psyche
 10945 | Abyss:1  | Cast into level 1 of the Abyss (Psyche)
 11166 | Abyss:1  | Killed an orange demon
 11411 | Abyss:1  | Noticed a white very ugly thing
 11411 | Abyss:1  | Noticed a white very ugly thing
 11411 | Abyss:1  | Noticed a blizzard demon
 11427 | Abyss:1  | Noticed a large abomination
 11427 | Abyss:1  | Noticed a large abomination
 11428 | Abyss:1  | HP: 2/68 [large abomination (22)]
 11430 | Abyss:1  | Noticed a tentacled starspawn
 11431 | Abyss:1  | Slain by a large abomination

Illustrated notes

Levels and vault maps discovered:
D:1:      noname_arrival_rooms_in_the_neighbourhood, layout_loops_corners,
          minmay_crystal_room, minmay_tripent
D:2:      layout_basic, basic_altar, minmay_tetromino_t4
D:3:      layout_loops_ring, ebering_ghost_sewer_f, uniq_sigmund, uniq_natasha,
          uniq_terence
D:4:      layout_cave_pools
D:5:      layout_layer_cave, marbit_many_paths, minmay_temple_entry_sparse_star,
          ebering_ghost_disaster_area, roderic_roman_lattice,
          kennysheep_flooded_box, grunt_ministairs_3,
          dreamdust_mushroom_princess, nicolae_shop_i_like_big_books
D:6:      layout_loops_corners, tgw_sif, mainiacjoe_overflow_boulevard,
          mainiacjoe_overflow_cross_hatched, serial_co_window_serial,
          co_window_paths_a, co_window_paths_a, co_window_paths_b,
          co_window_of_opportunity_a, co_window_paths_a,
          co_window_of_opportunity_c, co_window_cross_4, co_window_broadway_a,
          co_window_of_opportunity_c, co_window_of_opportunity_c,
          co_window_unsneaky_path_d, co_window_4corner_a, glass_columns_c,
          glass_columns_b, glass_columns_a, lightli_sewer_entry_pipes,
          serial_shops, nicolae_take_the_stairs
D:7:      layout_loops_ring
D:8:      layout_layer_cave
D:9:      layout_irregular_city, uniq_psyche, uniq_grum
Temple:   nicolae_temple_no_exploring_needed
Abyss:1:  base: D:2, hangedman_elemental_corridor

Skill      XL: |  1  2  3  4  5  6  7  8  9 10 |
---------------+-------------------------------+-----
Fighting       | 4 5 |  5.7
Spellcasting   | 1 2 3 4 5 |  5.3
Armour         | 1 2 |  2.1
Summonings     | 2 3 4 5 |  5.6
Staves         | 3 5 7 |  7.7
Evocations     | 3 6 7 8 |  8.4
Short Blades   | |  0.4
Dodging        | |  2.6
Stealth        | |  1.7
Unarmed Combat | |  2.6

Action                   |  1- 3 |  4- 6 |  7- 9 | 10-12 || total
-------------------------+-------+-------+-------+-------++-------
Melee: Unarmed           |    37 |       |       |       ||    37
       Punch             |     4 |     5 |     7 |       ||    16
       Dagger            |    62 |   254 |    36 |       ||   352
       Staff             |       |       |   251 |    16 ||   267
       Tailslap          |       |       |    37 |     4 ||    41
 Fire: Longbow           |       |       |     7 |     3 ||    10
Throw: Dart              |       |       |     8 |       ||     8
Invok: Ancestor Life: He |       |       |     1 |       ||     1
       Recall Ancestor   |       |       |       |     2 ||     2
  Use: Scroll            |     3 |     6 |     5 |     1 ||    15
       Potion            |       |    11 |       |     1 ||    12
 Stab: Invisible         |       |     3 |       |       ||     3
       Confused          |       |       |     3 |       ||     3
Armor: Chain mail        |    71 |   179 |   237 |    27 ||   514
       Robe              |     2 |       |       |       ||     2
       Skin              |       |     2 |       |       ||     2
Dodge: Dodged            |    28 |    72 |    58 |     9 ||   167

Table legend: (Time is in decaauts)
 A = Elapsed time spent in this place.
 B = Non-inter-level travel time spent in this place.
 C = Inter-level travel time spent in this place.
 D = Time resting spent in this place.
 E = Time spent auto-exploring this place.
 F = Levels seen in this place.
 G = Mean time per level.
                   A        B        C        D        E       F      G
               +--------+--------+--------+--------+--------+-----+--------+
         Total |  11472 |  10549 |    923 |   1709 |   6795 |  12 |  956.0 |
       Dungeon |  10845 |   9935 |    910 |   1385 |   6705 |   9 | 1205.0 |
        Temple |     16 |      4 |     12 |      0 |      0 |   1 |   16.0 |
         Abyss |    484 |    484 |      0 |    324 |      0 |   1 |  484.0 |
         Sewer |    125 |    125 |      0 |      0 |     90 |   1 |  125.0 |
               +--------+--------+--------+--------+--------+-----+--------+

Top non-repeatable levels by time:
     D:3: 1676 daAuts
     D:6: 1609 daAuts
     D:5: 1603 daAuts
     D:8: 1482 daAuts
     D:4: 1231 daAuts
     D:1: 1145 daAuts
     D:2: 826 daAuts
     D:7: 711 daAuts
     D:9: 558 daAuts
 Abyss:1: 484 daAuts
   Sewer: 125 daAuts
  Temple: 16 daAuts
